 Dungeon Crawl Stone Soup version 0.31.0-32-g396128a36d (webtiles) character file.

Game seed: 13954004683980507162

46 Dvallin the Changeling (level 3, -4/31 HPs)
             Began as a Naga Shapeshifter on Mar 31, 2024.
             Slain by a hobgoblin (5 damage)
             ... led by Robin
             ... on level 2 of the Dungeon.
             The game lasted 00:02:44 (1109 turns).

Dvallin the Changeling (Naga Shapeshifter)          Turns: 1109, Time: 00:02:44

Health: -4/31      AC:  2    Str: 18    XL:     3   Next: 66%
Magic:  3/3        EV:  9    Int: 10    God:
Gold:   43         SH:  0    Dex: 10    Spells: 2/2 levels left

rFire   . .          .
                       - Unarmed
rCold   . . .        (no shield)
rNeg    . . .        a - +0 animal skin
rPois   +            (helmet currently unavailable)
rElec   .            (cloak currently unavailable)
rCorr   .            (gloves currently unavailable)
SInv    +            (no barding)
Will    .....        (no amulet)
Stlth   +            (no ring)
HPRegen 0.25/turn    (no ring)
MPRegen 0.08/turn

%: no passive effects
@: beast-form, very slow
A: beast (slay +2), AC +1, large, see invisible, deformed body, poison
resistance, slowness 2, spit poison 1, naga tail 1
a: Spit Poison, Begin Untransformation


You were on level 2 of the Dungeon.
You were a hulking beast.
You visited 1 branch of the dungeon, and saw 2 of its levels.

You collected 43 gold pieces.

Inventory:

Armour
 a - a +0 animal skin (worn)
Talismans
 c - a beast talisman
 d - a flux talisman
Wands
 k - a wand of mindburst (9)
Scrolls
 e - a scroll of identify {unknown}
 g - a scroll of teleportation {unknown}
 h - 2 scrolls of enchant weapon {unknown}
 j - a scroll of acquirement {unknown}
Potions
 b - a potion of lignification


   Skills:
 - Level 1.0 Fighting
 - Level 1.5 Dodging
 - Level 3.0 Unarmed Combat
 + Level 4.3 Shapeshifting


You had 2 spell levels left.
You didn't know any spells.
Your spell library was empty.

Dungeon Overview and Level Annotations

Branches:
Dungeon (2/15)

Altars:

Annotations:
D:2 Robin


Innate Abilities, Weirdness & Mutations

You are a hulking beast.
Your limbs bulge with bestial killing power. (Slay +2)
Your serpentine skin is tough. (AC +1)
You have supernaturally acute eyesight. (SInv)
Armour fits poorly on your strangely shaped body.
Your system is resistant to poisons. (rPois)
You cover ground very slowly.
You can spit poison.
You have a snake-like lower body.


Message History

You barely miss the goblin. You punch the goblin.
The goblin is heavily wounded.
The goblin hits you but does no damage.
You barely miss the goblin.
The goblin is heavily wounded.
You closely miss the goblin.
The goblin is heavily wounded.
The goblin hits you with a +0 dagger.
You hit the goblin.
You kill the goblin!
You punch the goblin!
You kill the goblin!
You punch the goblin!
You kill the goblin!
You closely miss the goblin. You punch the goblin.
The goblin is severely wounded.
Robin throws the goblin at you! The goblin hits you with a +0 dagger.
You closely miss the goblin.
The goblin is heavily wounded.
Robin roars a battlecry!
The goblin goes into a battle-frenzy!
The goblin barely misses you.
You closely miss the goblin.
The goblin is heavily wounded.
Robin hits you from afar with a +0 spear.
The goblin hits you with a +0 dagger.
You punch the goblin!
You kill the goblin!
Robin barely misses you. The hobgoblin hits you!
* * * LOW HITPOINT WARNING * * *
Robin barely misses you.
Items here: )))))) †††.
You hit the hobgoblin but do no damage. Robin hits you with a +0 spear.
* * * LOW HITPOINT WARNING * * *
Robin hits you with a +0 spear.
* * * LOW HITPOINT WARNING * * *
The hobgoblin hits you.
You die...

......................##
...###.##.####.#..~.≈~≈ #
#.##..# #.#.~.~≈~~
#...####†##..###...~~≈≈.~
...................~~≈~~≈
#.#.####.#..........~~≈~#
#...................~~~≈~
###.####.#....##...~.~≈~.
#####.####h#.........~~~~~.
.......)))gg.....##.#.≈~~~.
##########g#.....##....~~~.
######g#.....##...~~≈~.
.g.g..)............~~.≈.
g.gg.g..#...$.....~≈~~~~
.g...g...........#~.~~~.
#######.#(###.####~~~.~.
#.#.# ##


You could see Robin, 2 hobgoblins and a goblin (strong).

Vanquished Creatures
  An adder (D:2)
  A dart slug (D:1)
  A giant cockroach (D:1)
  3 hobgoblins (D:1)
  5 jackals (D:2)
  2 quokkas
  A ball python (D:1)
  2 bats (D:2)
  2 frilled lizards
  11 goblins (D:2)
  2 kobolds
31 creatures vanquished.

Notes
Turn   | Place    | Note
-------+----------+-------------------------------------------
     0 | D:1      | Dvallin the Naga Shapeshifter began the quest for the Orb.
     0 | D:1      | Reached XP level 1. HP: 18/18 MP: 1/1
   202 | D:1      | Reached XP level 2. HP: 5/25 MP: 2/2
   725 | D:2      | Reached XP level 3. HP: 28/31 MP: 3/3
   742 | D:2      | Reached skill level 4 in Shapeshifting
  1075 | D:2      | Noticed Robin
  1109 | D:2      | HP: 1/31 [Robin/+0 spear (3)]
  1109 | D:2      | Slain by a hobgoblin

Illustrated notes

Levels and vault maps discovered:
D:1:      minmay_arrival_glassed_features, layout_loops_cross
D:2:      layout_basic, ebering_dispersal_statue_hall,
          chequers_serial_rivers_large_a, uniq_robin

Skill      XL: |  1  2  3 |
---------------+----------+-----
Shapeshifting  | 4 |  4.3
Fighting       | |  1.0
Dodging        | |  1.5
Unarmed Combat | |  3.0

Action                     || total
---------------------------++-------
  Melee: Unarmed           ||    93
         Punch             ||     3
Ability: Spit Poison       ||    14
    Use: Potion            ||     2
 Armour: Animal skin       ||    67
  Dodge: Dodged            ||    43
